 Dungeon Crawl Stone Soup version 0.29.0-4-gdea44cf6ec (webtiles) character file.

Game seed: 14118652110400641932

257 qw the Chopper (level 6, 0/35 HPs)
             Began as a Tengu Warper on Aug 28, 2022.
             Slain by an orc
             ... wielding a +0 falchion
              (3 damage)
             ... on level 4 of the Dungeon.
             The game lasted 00:00:18 (3559 turns).

qw the Chopper (Tengu Warper)                       Turns: 3559, Time: 00:00:18

Health: 0/35       AC:  8    Str: 20    XL:     6   Next: 16%
Magic:  10/10      EV:  9    Int: 13    God:
Gold:   96         SH:  0    Dex: 13    Spells: 9/9 levels left

rFire   . . .      SeeInvis .   Y - +0 hand axe
rCold   . . .      Faith    .   (no shield)
rNeg    . . .      Spirit   .   e - +0 chain mail
rPois   .          Reflect  .   (helmet restricted)
rElec   .          Harm     .   (no cloak)
rCorr   .          Rampage  .   (no gloves)
Will    .....                   (boots unavailable)
Stlth   ..........              (no amulet)
HPRegen 0.11/turn               f - +6 ring of strength
MPRegen 0.12/turn               (no ring)

@: flying quickly and evasively, quick
A: beak, talons 3, nimble flight
a: no special abilities


You were on level 4 of the Dungeon.
You visited 1 branch of the dungeon, and saw 4 of its levels.

You collected 304 gold pieces.
You spent 208 gold pieces at shops.


Innate Abilities, Weirdness & Mutations

You have a beak for a mouth.
You have claws for feet.
Your magical nature lets you fly swiftly and evasively.


   Skills:
 - Level 2.0 Fighting
 + Level 6.6 Axes
 - Level 1.0 Throwing
 - Level 2.0 Armour
 - Level 2.1 Dodging
 - Level 2.0 Spellcasting
 - Level 2.4 Translocations


You had 9 spell levels left.
You didn't know any spells.
Your spell library contained the following spells:

 Spells                   Type           Power      Damage    Failure   Level
 Blink                    Tloc           14%        N/A       85%         2
 Gell's Gravitas          Tloc           7%         N/A       97%         3
 Lesser Beckoning         Tloc           7%         N/A       97%         3
 Teleport Other           Tloc           7%         N/A       97%         3
 Manifold Assault         Tloc           7%         N/A       100%        5

Inventory:

Hand Weapons
 j - the +4 whip "Xiecacoic" {freeze, *Slow rC++ rN+ Dex+5}
   (You found it on level 3 of the Dungeon)

   It freezes those it strikes, dealing additional cold damage.
   It can also slow down cold-blooded creatures.
   Dex:       It affects your dexterity (+5).
   rC:        It greatly protects you from cold.
   rN:        It protects you from negative energy.
   *Slow:     It may slow you when you take damage.
 Y - a +0 hand axe (weapon)
Missiles
 c - a boomerang (quivered)
Armour
 e - a +0 chain mail (worn)
Jewellery
 f - a +6 ring of strength (left hand)
Scrolls
 a - a scroll of enchant armour
 i - a scroll of identify
Potions
 b - a potion of heal wounds {unknown}
 d - a potion of might {unknown}
 g - a potion of cancellation
 h - a potion of ambrosia {unknown}
 k - a potion of mutation
 l - a potion of haste {unknown}
 n - 2 potions of curing
 o - a potion of berserk rage {unknown}

Dungeon Overview and Level Annotations

Branches:
Dungeon (4/15)
 Temple: D:4-7

Altars:

Shops:
D:3 !


Message History

The orc hits you from afar with a +0 trident.
The orc hits you but does no damage. The orc closely misses you.
You hit the orc but do no damage. You claw the orc, but do no damage.
Your peck misses the orc.
The orc is heavily wounded.
You barely miss the orc.
The orc hits you but does no damage. x2; The orc hits you with a +0 short sword.
You barely miss the orc. You peck the orc, but do no damage.
The orc is heavily wounded.
You barely miss the orc. You hit the phantom.
The orc hits you but does no damage. x2
The phantom hits you but does no damage.
The orc closely misses you.
You barely miss the orc.
The orc is heavily wounded.
You completely miss the orc. You closely miss the phantom.
The orc barely misses you. The orc hits you with a +0 short sword.
The orc completely misses you. The phantom hits you.
The phantom blinks!
You blink.
3552 ||| Stepping ~*~*~tactically~*~*~ (hiding).
You barely miss the phantom. You claw the phantom.
Your peck misses the phantom.
The phantom is moderately damaged.
The phantom hits you but does no damage.
3554 ||| Stepping ~*~*~tactically~*~*~ (hiding).
3555 ||| Stepping ~*~*~tactically~*~*~ (hiding).
You barely miss the phantom.
The phantom is moderately damaged.
The phantom closely misses you.
You barely miss the phantom.
The phantom is moderately damaged.
The phantom closely misses you.
You barely miss the orc. Your kick misses the orc. You peck the orc.
You kill the orc!
You barely miss the phantom.
The phantom hits you but does no damage.
You hit the phantom but do no damage. You claw the phantom!
The phantom is heavily damaged.
You barely miss the orc. The orc hits you with a +0 falchion.
You die...

# ..#..# # .# # .
. #. #.. #. ....
####..##
##@.....#
#oW###.... ##.##
. #.###.o#######
#.
#...)........#...
#.###>...ow.....#
#..)o¤)o..#.#
#............
#..>..#######.#..


You could see a phantom and 2 orcs.

Vanquished Creatures
  An ogre (D:4)
  An orc priest (D:4)
  Terence (D:3)
  An orc wizard (D:3)
  2 adders
  2 worms
  A dart slug (D:1)
  5 orcs
  3 ball pythons (D:1)
  4 bats
  6 endoplasms
  4 giant cockroaches
  6 goblins
  4 hobgoblins
  5 jackals
  2 kobolds
  2 quokkas (D:2)
  2 frilled lizards (D:2)
  6 rats
58 creatures vanquished.

Vanquished Creatures (others)
  A fungus (D:2)
  4 toadstools (D:2)
5 creatures vanquished.

Grand Total: 63 creatures vanquished

Notes
Turn   | Place    | Note
-------+----------+-------------------------------------------
     0 | D:1      | qw the Tengu Warper began the quest for the Orb.
     0 | D:1      | Reached XP level 1. HP: 12/12 MP: 4/4
     0 | D:1      | 0 ||| qw: Version: 0.1-a-89-g26bdef1
     0 | D:1      | 0 ||| qw: Game counter: 594
     0 | D:1      | 0 ||| qw: Always use a shield: true
     0 | D:1      | 0 ||| qw: God list: Okawaru
     0 | D:1      | 0 ||| qw: Allow faded altars: false
     0 | D:1      | 0 ||| qw: Do Orc after D:15 true
     0 | D:1      | 0 ||| qw: Do second Lair branch before Depths: true
     0 | D:1      | 0 ||| qw: Lair rune preference: random
     0 | D:1      | 0 ||| qw: Plans: Normal
     0 | D:1      | 0 ||| PLANNING D:1-11
   219 | D:1      | Reached XP level 2. HP: 17/17 MP: 6/6
   234 | D:1      | Reached skill level 3 in Axes
   728 | D:1      | 728 ||| UPGRADING to +0 ring mail.
   732 | D:1      | 732 ||| UPGRADING to +0 ring mail.
   742 | D:1      | 742 ||| DROPPING +0 leather armour.
   743 | D:1      | 743 ||| DROPPING scarf of invisibility.
   776 | D:1      | Reached XP level 3. HP: 16/21 MP: 7/7
  1161 | D:1      | 1161 ||| UPGRADING to +6 ring of strength.
  1162 | D:1      | 1162 ||| READING scroll labelled UNANWUDDIJ.
  1163 | D:1      | 1163 ||| READING scroll labelled ZOUCSY INAFY.
  1167 | D:1      | 1167 ||| READING scroll labelled IWKAONKIMU.
  1168 | D:1      | 1168 ||| DRINKING 2 viscous sapphire potions.
  1169 | D:1      | 1169 ||| DROPPING scroll of blinking.
  1170 | D:1      | 1170 ||| DROPPING potion of brilliance.
  1258 | D:2      | 1258 ||| Stepping ~*~*~tactically~*~*~ (stealth).
  1313 | D:2      | Reached skill level 4 in Axes
  1359 | D:2      | 1359 ||| Stepping ~*~*~tactically~*~*~ (stealth).
  2001 | D:3      | Reached XP level 4. HP: 25/26 MP: 8/8
  2056 | D:3      | Found Atad Rou's Distillery.
  2056 | D:3      | Identified the +4 whip "Xiecacoic" {freeze, *Slow rC++ rN+
                  | Dex+5}
  2058 | D:3      | 2058 ||| DROPPING +0 club.
  2070 | D:3      | 2070 ||| BUYING potion of cancellation (104 gold).
  2070 | D:3      | Bought a potion of cancellation for 104 gold pieces
  2070 | D:3      | 2070 ||| SHOPLISTING potion of haste (130 gold, have 111).
  2070 | D:3      | 2070 ||| BUYING potion of mutation (104 gold).
  2070 | D:3      | Bought a potion of mutation for 104 gold pieces
  2070 | D:3      | 2070 ||| SHOPLISTING potion of mutation (104 gold, have 7).
  2163 | D:3      | Noticed Terence
  2164 | D:3      | 2164 ||| Stepping ~*~*~tactically~*~*~ (hiding).
  2178 | D:3      | HP: 5/26 [Terence/+0 trident (5)]
  2179 | D:3      | HP: 1/26 [Terence/+0 trident (4)]
  2184 | D:3      | Killed Terence
  2185 | D:3      | Reached skill level 5 in Axes
  2818 | D:3      | 2818 ||| UPGRADING to +0 scale mail.
  2828 | D:3      | 2828 ||| DROPPING +0 ring mail.
  2829 | D:3      | 2829 ||| READING 2 scrolls labelled TONOIFRESUT.
  2830 | D:3      | 2830 ||| DRINKING 3 clear potions.
  2860 | D:4      | 2860 ||| STAIRDANCE
  2870 | D:3      | Gained mutation: Your magical nature lets you fly swiftly
                  | and evasively. [Tengu growth]
  2870 | D:3      | Reached XP level 5. HP: 27/30 MP: 9/9
  2902 | D:4      | 2902 ||| STAIRDANCE
  2911 | D:3      | 2911 ||| UPGRADING to +0 chain mail.
  2921 | D:3      | 2921 ||| DROPPING +0 scale mail.
  2994 | D:4      | Noticed a phantom
  3011 | D:4      | HP: 4/30 [phantom (6)]
  3012 | D:4      | 3012 ||| READING scroll of teleportation.
  3269 | D:4      | Noticed an ogre
  3277 | D:4      | Killed an ogre
  3278 | D:4      | Reached skill level 6 in Axes
  3368 | D:4      | 3368 ||| Stepping ~*~*~tactically~*~*~ (stealth).
  3370 | D:4      | 3370 ||| Stepping ~*~*~tactically~*~*~ (stealth).
  3372 | D:4      | HP: 7/30 [orc priest/divine providence (11)]
  3380 | D:4      | Reached XP level 6. HP: 7/35 MP: 10/10
  3457 | D:4      | 3457 ||| Stepping ~*~*~tactically~*~*~ (stealth).
  3548 | D:4      | HP: 8/35 [orc/+0 trident (5)]
  3551 | D:4      | HP: 3/35 [orc/+0 short sword (2)]
  3552 | D:4      | 3552 ||| Stepping ~*~*~tactically~*~*~ (hiding).
  3554 | D:4      | 3554 ||| Stepping ~*~*~tactically~*~*~ (hiding).
  3555 | D:4      | 3555 ||| Stepping ~*~*~tactically~*~*~ (hiding).
  3559 | D:4      | Slain by an orc

Levels and vault maps discovered:
D:1:      dpeg_arrival_rooms_with_view, layout_loops_cross,
          nicolae_concentric_dashed_squares_wild
D:2:      layout_loops_ring, minmay_gold_behind_fungi, minmay_tromino_i4
D:3:      layout_basic, serial_shops, shop, uniq_terence
D:4:      layout_rooms

Skill      XL: |  1  2  3  4  5 |
---------------+----------------+-----
Axes           | 3 4 5 6 |  6.6
Armour         | 2 |  2.0
Fighting       | |  2.0
Throwing       | |  1.0
Dodging        | |  2.1
Spellcasting   | |  2.0
Translocations | |  2.4

Action                   |  1- 3 |  4- 6 || total
-------------------------+-------+-------++-------
Melee: Hand axe          |    81 |    89 ||   170
       Kick              |    21 |    22 ||    43
       Peck              |    11 |    11 ||    22
       Punch             |       |     1 ||     1
Throw: Boomerang         |    21 |    20 ||    41
  Use: Scroll            |     3 |     2 ||     5
       Potion            |     1 |     1 ||     2
Armor: Leather armour    |     6 |       ||     6
       Ring mail         |    14 |     4 ||    18
       Scale mail        |       |     4 ||     4
       Chain mail        |       |    22 ||    22
Dodge: Dodged            |    36 |    46 ||    82

Table legend:
 A = Non-vault XP
 B = Vault XP
 C = Vault XP percentage of total XP
 D = Non-vault monster count
 E = Vault monster count
 F = Vault count percentage of total count
                 A         B        C        D         E       F
            +---------+---------+-------+---------+---------+-------
      Total |     312 |      56 |  15.2 |      52 |       6 |  10.3
            +---------+---------+-------+---------+---------+-------
        D:1 |      33 |       4 |  10.8 |      17 |       2 |  10.5
        D:2 |      28 |      16 |  36.4 |      15 |       3 |  16.7
        D:3 |      68 |      36 |  34.6 |      11 |       1 |   8.3
        D:4 |     183 |       0 |   0.0 |       9 |       0 |   0.0
            +---------+---------+-------+---------+---------+-------
